MWL (24 & UNDER)
CINCINNATI PRIDE @ MINNESOTA DEATH STARS
06/25/2029
 
TOP OF THE 1ST
Cincinnati Pride batting - Pitching for Minnesota Death Stars : RHP Pete Booker
Pitching: RHP Pete Booker
Batting: RHB José Casillán 0-0: Called Strike
0-1: Foul Ball, location: 2F
0-2: Ball
1-2: Strikes out swinging
Batting: RHB Álex Hernández 0-0: Ball
1-0: Foul Ball, location: 2F
1-1: Fly out, F8 (Flyball, 8RD)
Batting: LHB John Clark 0-0: DOUBLE (Line Drive, 7LM)
Batting: RHB Jesús Solís 0-0: Swinging Strike
0-1: Foul Ball, location: 2F
0-2: Ball
1-2: Strikes out looking
Top of the 1st over - 0 runs, 1 hit, 0 errors, 1 left on base; Cincinnati 0 - Minnesota 0
BOTTOM OF THE 1ST
Minnesota Death Stars batting - Pitching for Cincinnati Pride : RHP Ben Larsen
Pitching: RHP Ben Larsen
Batting: RHB Lou Hammond 0-0: Called Strike
0-1: Ball
1-1: Called Strike
1-2: Strikes out looking
Batting: RHB Manuel Cintrón 0-0: Ball
1-0: Foul Ball, location: 2F
1-1: SINGLE (Line Drive, 8RS)
Batting: LHB Gonzalo Gálvez 0-0: Ball
1-0: Called Strike
1-1: Ball
2-1: Ball
3-1: Called Strike
3-2: Foul Ball, location: 2F
3-2: Fly out, F7 (Flyball, 78S)
Batting: RHB Brad Ravenshaw 0-0: Called Strike
0-1: Fly out, F7 (Line Drive, 78M)
Bottom of the 1st over - 0 runs, 1 hit, 0 errors, 1 left on base; Cincinnati 0 - Minnesota 0
TOP OF THE 2ND
Cincinnati Pride batting - Pitching for Minnesota Death Stars : RHP Pete Booker
Batting: LHB Carl Hayden 0-0: Ball
1-0: Ball
2-0: Swinging Strike
2-1: Swinging Strike
2-2: Ball
3-2: Base on Balls
Batting: LHB Will O'Dell 0-0: Ball
1-0: Ball
2-0: Called Strike
2-1: Ball
3-1: Called Strike
3-2: Foul Ball, location: 2F
3-2: Foul Ball, location: 2F
3-2: Base on Balls
Carl Hayden to second
Batting: RHB Francisco Domínguez 0-0: Called Strike
0-1: Swinging Strike
0-2: Foul Ball, location: 2F
0-2: Ball
1-2: Fielders Choice at 2nd, 4-6 (Groundball, 4M)
Carl Hayden to third
Batting: RHB Noah Sturges 0-0: Ball
1-0: Called Strike
1-1: Ball
2-1: Fly out, F7 (Flyball, 7LS)
Runner from 3rd tags up, SCORES, throw made
Batting: SHB Jorge Maldonado 0-0: Ball
1-0: Ball
2-0: Called Strike
2-1: Swinging Strike
2-2: Ball
3-2: Foul Ball, location: 2F
3-2: Base on Balls
Francisco Domínguez to second
Batting: RHB José Casillán 0-0: Ball
Francisco Domínguez steals 3rd base
1-0: Reached on error, E6 (Groundball, 6M)
Francisco Domínguez scores
Jorge Maldonado to second
Batting: RHB Álex Hernández 0-0: Foul Ball, location: 2F
0-1: Ball
1-1: Called Strike
1-2: SINGLE (Line Drive, 4MD)
Jorge Maldonado to third
José Casillán to second
Runner from 3rd tries for Home, SAFE, no throw
Batting: LHB John Clark 0-0: Ball
Álex Hernández steals 2nd base
José Casillán to third
1-0: SINGLE (Flyball, 7LS)
José Casillán scores
Álex Hernández to third
Runner from 3rd tries for Home, SAFE, no throw
Batting: RHB Jesús Solís 0-0: Ball
1-0: SINGLE (Line Drive, 4M)
John Clark to second
Batting: LHB Carl Hayden 0-0: Ball
1-0: Foul Ball, location: 2F
1-1: Called Strike
1-2: Fly out, F7 (Flyball, 7)
Top of the 2nd over - 5 runs, 3 hits, 1 error, 2 left on base; Cincinnati 5 - Minnesota 0
BOTTOM OF THE 2ND
Minnesota Death Stars batting - Pitching for Cincinnati Pride : RHP Ben Larsen
Batting: LHB Chris Henry 0-0: Ball
1-0: Ball
2-0: Ball
3-0: Swinging Strike
3-1: Ground out 4-3 (Groundball, 4)
Batting: LHB Larry Wright 0-0: Ball
1-0: SINGLE (Groundball, 6M) (infield hit)
Batting: RHB Pat McDonald 0-0: Ball
1-0: Ball
2-0: Called Strike
2-1: Foul Ball, location: 2F
2-2: Ball
Larry Wright steals 2nd base
3-2: Reached on error, E6 (Groundball, 6M)
Larry Wright to third
Batting: LHB Júlio Córdova 0-0: Called Strike
0-1: Ball
1-1: Called Strike
1-2: Fielders Choice at 2nd, 6-4 (Groundball, 6)
Larry Wright scores
Batting: LHB Jamie Walker 0-0: Called Strike
0-1: 2-RUN HOME RUN (Line Drive, 9LD), Distance : 347 ft
Batting: RHB Lou Hammond 0-0: Ball
1-0: Called Strike
1-1: Called Strike
1-2: Ball
2-2: Strikes out looking
Bottom of the 2nd over - 3 runs, 2 hits, 1 error, 0 left on base; Cincinnati 5 - Minnesota 3
TOP OF THE 3RD
Cincinnati Pride batting - Pitching for Minnesota Death Stars : RHP Pete Booker
Batting: LHB Will O'Dell 0-0: Ball
1-0: SINGLE (Groundball, 4D)
Batting: RHB Francisco Domínguez 0-0: Grounds into double play, 6-4-3 (Groundball, 6)
Batting: RHB Noah Sturges 0-0: Called Strike
0-1: Swinging Strike
0-2: Foul Ball, location: 2F
0-2: Strikes out swinging
Top of the 3rd over - 0 runs, 1 hit, 0 errors, 0 left on base; Cincinnati 5 - Minnesota 3
BOTTOM OF THE 3RD
Minnesota Death Stars batting - Pitching for Cincinnati Pride : RHP Ben Larsen
Batting: RHB Manuel Cintrón 0-0: Ball
1-0: Fly out, F8 (Flyball, 8RM)
Batting: LHB Gonzalo Gálvez 0-0: Ball
1-0: Called Strike
1-1: Ball
2-1: Ball
3-1: Called Strike
3-2: SINGLE (Groundball, 4MD)
Batting: RHB Brad Ravenshaw 0-0: Ball
1-0: Ball
2-0: Ball
3-0: Called Strike
3-1: Ground out U3 (Groundball, 34S)
Gonzalo Gálvez to second
Batting: LHB Chris Henry 0-0: Ball
1-0: Ball
2-0: Ball
3-0: Called Strike
3-1: Base on Balls
Batting: LHB Larry Wright 0-0: Ball
1-0: Ball
2-0: Ball
3-0: Base on Balls
Gonzalo Gálvez to third
Chris Henry to second
Batting: RHB Pat McDonald 0-0: Called Strike
0-1: Ball
1-1: Fly out, F7 (Flyball, 78D)
Bottom of the 3rd over - 0 runs, 1 hit, 0 errors, 3 left on base; Cincinnati 5 - Minnesota 3
TOP OF THE 4TH
Cincinnati Pride batting - Pitching for Minnesota Death Stars : RHP Pete Booker
Batting: SHB Jorge Maldonado 0-0: Ball
1-0: Ground out 4-3 (Groundball, 4)
Batting: RHB José Casillán 0-0: Called Strike
0-1: Ball
1-1: Ball
2-1: Ball
3-1: Base on Balls
Batting: RHB Álex Hernández 0-0: Ball
1-0: SINGLE (Line Drive, 7S)
José Casillán to second
Batting: LHB John Clark 0-0: Ball
José Casillán steals 3rd base
1-0: Called Strike
1-1: Swinging Strike
1-2: Ball
2-2: SINGLE (Line Drive, 6MD)
José Casillán scores
Álex Hernández to second
Batting: RHB Jesús Solís 0-0: Ball
1-0: Foul Ball, location: 2F
1-1: Fly out, F7 (Flyball, 78S)
Batting: LHB Carl Hayden 0-0: Foul Ball, location: 2F
0-1: Ball
1-1: DOUBLE (Flyball, 8LXD)
Álex Hernández scores
John Clark to third
Batting: LHB Will O'Dell 0-0: Swinging Strike
0-1: Ball
1-1: Ball
2-1: Ball
3-1: Base on Balls
Batting: RHB Francisco Domínguez 0-0: Called Strike
0-1: Foul Ball, location: 2F
0-2: Ball
1-2: Ball
2-2: Ball
3-2: Foul Ball, location: 2F
3-2: Base on Balls
John Clark scores
Carl Hayden to third
Will O'Dell to second
Pitching: RHP Cipriano Vega
Batting: RHB Noah Sturges 0-0: Ball
1-0: Ball
2-0: Foul Ball, location: 2F
2-1: Ground out 5-3 (Groundball, 5S)
Top of the 4th over - 3 runs, 3 hits, 0 errors, 3 left on base; Cincinnati 8 - Minnesota 3
BOTTOM OF THE 4TH
Minnesota Death Stars batting - Pitching for Cincinnati Pride : RHP Ben Larsen
Batting: LHB Júlio Córdova 0-0: Ball
1-0: Foul Ball, location: 2F
1-1: Swinging Strike
1-2: Strikes out swinging
Batting: LHB Jamie Walker 0-0: Ball
1-0: Ball
2-0: Ball
3-0: Called Strike
3-1: Base on Balls
Batting: RHB Lou Hammond 0-0: Ball
Jamie Walker steals 2nd base
1-0: Ball
2-0: Ball
3-0: Called Strike
3-1: SINGLE (Line Drive, 4MD)
Jamie Walker to third
Runner from 3rd tries for Home, SAFE, no throw
Batting: RHB Manuel Cintrón 0-0: Ball
1-0: Fly out, F5 (Popup, 5SF)
Batting: LHB Gonzalo Gálvez 0-0: Called Strike
Throwing error on steal attempt, E2
Lou Hammond to third
0-1: Ball
1-1: Foul Ball, location: 2F
1-2: Ball
2-2: Fly out, F6 (Popup, 6MS)
Bottom of the 4th over - 1 run, 1 hit, 1 error, 1 left on base; Cincinnati 8 - Minnesota 4
TOP OF THE 5TH
Cincinnati Pride batting - Pitching for Minnesota Death Stars : RHP Cipriano Vega
Batting: SHB Jorge Maldonado 0-0: Called Strike
0-1: Ball
1-1: Ball
2-1: Foul Ball, location: 2F
2-2: DOUBLE (Line Drive, 7LD)
Batting: RHB José Casillán 0-0: Called Strike
0-1: Ball
1-1: Ball
2-1: Ground out 6-3 (Groundball, 56)
Batting: RHB Álex Hernández 0-0: Foul Ball, location: 2F
0-1: Called Strike
0-2: Strikes out swinging
Batting: LHB John Clark 0-0: Ball
1-0: SINGLE (Line Drive, 56D)
Jorge Maldonado to third
Runner from 3rd tries for Home, SAFE, no throw
Batting: RHB Jesús Solís 0-0: Called Strike
0-1: Foul Ball, location: 2F
0-2: Hit by Pitch
John Clark to second
Batting: LHB Carl Hayden 0-0: Ball
1-0: Ball
2-0: Ball
3-0: Called Strike
3-1: Base on Balls
John Clark to third
Jesús Solís to second
Batting: LHB Will O'Dell 0-0: Ball
1-0: Foul Ball, location: 2F
1-1: Ball
2-1: Foul Ball, location: 2F
2-2: Foul Ball, location: 2F
2-2: Ball
3-2: Foul Ball, location: 2F
3-2: Foul Ball, location: 2F
3-2: Fly out, F9 (Flyball, 9LSF)
Top of the 5th over - 1 run, 2 hits, 0 errors, 3 left on base; Cincinnati 9 - Minnesota 4
BOTTOM OF THE 5TH
Minnesota Death Stars batting - Pitching for Cincinnati Pride : RHP Ben Larsen
Batting: RHB Brad Ravenshaw 0-0: Fly out, F7 (Flyball, 7LM)
Batting: LHB Chris Henry 0-0: Fly out, F8 (Flyball, 8RS)
Batting: LHB Larry Wright 0-0: Ball
1-0: Ball
2-0: Ball
3-0: Base on Balls
Batting: RHB Pat McDonald 0-0: Ball
1-0: Foul Ball, location: 2F
1-1: Fly out, F9 (Flyball, 9)
Bottom of the 5th over - 0 runs, 0 hits, 0 errors, 1 left on base; Cincinnati 9 - Minnesota 4
TOP OF THE 6TH
Cincinnati Pride batting - Pitching for Minnesota Death Stars : RHP Cipriano Vega
Batting: RHB Francisco Domínguez 0-0: Ball
1-0: Called Strike
1-1: Ball
2-1: Called Strike
2-2: Strikes out swinging
Batting: RHB Noah Sturges 0-0: Called Strike
0-1: Swinging Strike
0-2: Strikes out looking
Batting: SHB Jorge Maldonado 0-0: Ball
1-0: Foul Ball, location: 2F
1-1: Ball
2-1: Foul Ball, location: 2F
2-2: Foul Ball, location: 2F
2-2: Strikes out swinging
Top of the 6th over - 0 runs, 0 hits, 0 errors, 0 left on base; Cincinnati 9 - Minnesota 4
BOTTOM OF THE 6TH
Minnesota Death Stars batting - Pitching for Cincinnati Pride : RHP Ben Larsen
Batting: LHB Júlio Córdova 0-0: Called Strike
0-1: Ball
1-1: Ball
2-1: Ground out 6-3 (Groundball, 6)
Batting: LHB Jamie Walker 0-0: Foul Ball, location: 2F
0-1: Called Strike
0-2: TRIPLE (Flyball, 89XD)
Batting: RHB Lou Hammond 0-0: Called Strike
0-1: Ball
1-1: Hit by Pitch
Batting: RHB Manuel Cintrón 0-0: Ball
1-0: Ball
2-0: Grounds into double play, 4-6-3 (Groundball, 4)
Bottom of the 6th over - 0 runs, 1 hit, 0 errors, 1 left on base; Cincinnati 9 - Minnesota 4
TOP OF THE 7TH
Cincinnati Pride batting - Pitching for Minnesota Death Stars : RHP Cipriano Vega
Batting: RHB José Casillán 0-0: Fly out, F9 (Flyball, 9S)
Batting: RHB Álex Hernández 0-0: Swinging Strike
0-1: Ball
1-1: Foul Ball, location: 2F
1-2: Ball
2-2: Strikes out swinging
Batting: LHB John Clark 0-0: Called Strike
0-1: Ball
1-1: Ball
2-1: Ball
3-1: Foul Ball, location: 2F
3-2: Base on Balls
Pitching: RHP Carlos Contreras
Batting: RHB Jesús Solís 0-0: SINGLE (Groundball, 6MD)
John Clark to second
Batting: LHB Carl Hayden 0-0: Ball
1-0: Ball
2-0: Ball
3-0: Base on Balls
John Clark to third
Jesús Solís to second
Batting: LHB Will O'Dell 0-0: Ball
1-0: Ball
2-0: Swinging Strike
2-1: Swinging Strike
2-2: Strikes out swinging
Top of the 7th over - 0 runs, 1 hit, 0 errors, 3 left on base; Cincinnati 9 - Minnesota 4
BOTTOM OF THE 7TH
Minnesota Death Stars batting - Pitching for Cincinnati Pride : RHP Ben Larsen
Batting: LHB Gonzalo Gálvez 0-0: Ball
1-0: Called Strike
1-1: Foul Ball, location: 2F
1-2: Ball
2-2: Strikes out swinging
Batting: RHB Brad Ravenshaw 0-0: Foul Ball, location: 2F
0-1: Ball
1-1: SINGLE (Line Drive, 89S)
Batting: LHB Chris Henry 0-0: Called Strike
0-1: Called Strike
0-2: Foul Ball, location: 2F
0-2: Ball
1-2: Ball
2-2: Strikes out swinging
Batting: LHB Larry Wright 0-0: Ball
1-0: Swinging Strike
1-1: Called Strike
1-2: Ball
2-2: Ball
3-2: Base on Balls
Brad Ravenshaw to second
Pitching: RHP Gerald Dunham
Batting: RHB Pat McDonald 0-0: Ball
1-0: Called Strike
1-1: Ball
2-1: Swinging Strike
2-2: Strikes out swinging
Bottom of the 7th over - 0 runs, 1 hit, 0 errors, 2 left on base; Cincinnati 9 - Minnesota 4
TOP OF THE 8TH
Cincinnati Pride batting - Pitching for Minnesota Death Stars : RHP Carlos Contreras
Batting: RHB Francisco Domínguez 0-0: Ball
1-0: Foul Ball, location: 2F
1-1: Ball
2-1: Ball
3-1: Swinging Strike
3-2: Fly out, F7 (Flyball, 7)
Batting: RHB Noah Sturges 0-0: Called Strike
0-1: Called Strike
0-2: Ball
1-2: Strikes out looking
Batting: SHB Jorge Maldonado 0-0: Ball
1-0: Ground out U3 (Groundball, 3)
Top of the 8th over - 0 runs, 0 hits, 0 errors, 0 left on base; Cincinnati 9 - Minnesota 4
BOTTOM OF THE 8TH
Minnesota Death Stars batting - Pitching for Cincinnati Pride : RHP Gerald Dunham
Batting: LHB Júlio Córdova 0-0: Foul Ball, location: 2F
0-1: Foul Ball, location: 2F
0-2: Strikes out swinging
Batting: LHB Jamie Walker 0-0: Reached on error, E2 (Groundball, 15S)
Batting: RHB Lou Hammond 0-0: Foul Ball, location: 2F
0-1: Ball
1-1: Ball
2-1: Fly out, F6 (Flyball, 56D)
Batting: RHB Manuel Cintrón 0-0: Called Strike
0-1: Foul Ball, location: 2F
0-2: Ball
1-2: SINGLE (Flyball, 78M)
Jamie Walker to third
Runner from 3rd tries for Home, SAFE, throw made home
Batting: LHB Gonzalo Gálvez 0-0: Swinging Strike
0-1: Ball
1-1: SINGLE (Flyball, 7LS)
Manuel Cintrón to second
Batting: RHB Brad Ravenshaw 0-0: Swinging Strike
0-1: Swinging Strike
0-2: Fly out, F1 (Line Drive, 13)
Bottom of the 8th over - 1 run, 2 hits, 1 error, 2 left on base; Cincinnati 9 - Minnesota 5
TOP OF THE 9TH
Cincinnati Pride batting - Pitching for Minnesota Death Stars : RHP Carlos Contreras
Batting: RHB José Casillán 0-0: Called Strike
0-1: Ball
1-1: Foul Ball, location: 2F
1-2: Foul Ball, location: 2F
1-2: Strikes out swinging
Batting: RHB Álex Hernández 0-0: Ball
1-0: Called Strike
1-1: Ball
2-1: Foul Ball, location: 2F
2-2: Ball
3-2: Base on Balls
Batting: LHB John Clark 0-0: Ball
1-0: Foul Ball, location: 2F
1-1: Ball
2-1: Ball
3-1: Base on Balls
Álex Hernández to second
Batting: RHB Jesús Solís 0-0: Swinging Strike
0-1: Foul Ball, location: 2F
0-2: Ball
1-2: Ball
2-2: Strikes out swinging
Batting: LHB Carl Hayden 0-0: Ball
1-0: Foul Ball, location: 2F
1-1: Ball
2-1: Called Strike
2-2: Ball
3-2: 3-RUN HOME RUN (Flyball, 9D), Distance : 367 ft
Batting: LHB Will O'Dell 0-0: Called Strike
0-1: Called Strike
0-2: SINGLE (Groundball, 4D)
Batting: RHB Francisco Domínguez 0-0: Ball
1-0: Called Strike
Will O'Dell steals 2nd base
1-1: Ball
2-1: Ball
3-1: Fly out, F7 (Flyball, 7)
Top of the 9th over - 3 runs, 2 hits, 0 errors, 1 left on base; Cincinnati 12 - Minnesota 5
BOTTOM OF THE 9TH
Minnesota Death Stars batting - Pitching for Cincinnati Pride : RHP Gerald Dunham
Now at C: Toshiki Kokawa
Now in LF: Jaime Martínez
Batting: LHB Chris Henry 0-0: Called Strike
0-1: Swinging Strike
0-2: Strikes out looking
Batting: LHB Larry Wright 0-0: Swinging Strike
0-1: Swinging Strike
0-2: Strikes out looking
Batting: RHB Pat McDonald 0-0: Ball
1-0: Fly out, F8 (Flyball, 8LM)
Bottom of the 9th over - 0 runs, 0 hits, 0 errors, 0 left on base; Cincinnati 12 - Minnesota 5
Saturday, December 16th, 2017 - OOTP Baseball 18.8 Build 76